 Dungeon Crawl Stone Soup version 0.29-a0-919-gd064cfad1c (webtiles) character file.

Game seed: 2113471133244435011

199 IdlyInterested the Chopper (level 5, 0/39 HPs)
             Began as a Demonspawn Wanderer on July 26, 2022.
             Slain by Pikel
             ... wielding a +1 whip of electrocution
              (9 damage)
             ... on level 4 of the Dungeon.
             The game lasted 00:10:28 (4626 turns).

IdlyInterested the Chopper (Demonspawn Wanderer)    Turns: 4626, Time: 00:10:29

Health: 0/39       AC: 12    Str: 13    XL:     5   Next: 48%
Magic:  5/5        EV:  9    Int: 12    God:
Gold:   27         SH:  0    Dex: 21    Spells: 4/4 levels left

rFire   . . .      SeeInvis .   a - +0 hand axe
rCold   . . .      Faith    .   (no shield)
rNeg    + . .      Spirit   .   b - +1 chain mail
rPois   .          Reflect  .   j - +0 helmet
rElec   .          Harm     .   (no cloak)
rCorr   .          Rampage  .   (no gloves)
Will    .....                   l - +0 pair of boots
Stlth   ..........              (no amulet)
HPRegen 0.13/turn               s - +6 ring of dexterity
MPRegen 0.18/turn               t - ring of positive energy

@: no status effects
A: repulsion field 2, magic regeneration
a: no special abilities


You were on level 4 of the Dungeon.
You visited 1 branch of the dungeon, and saw 4 of its levels.

You collected 195 gold pieces.
You spent 168 gold pieces at shops.

Inventory:

Hand Weapons
 a - a +0 hand axe (weapon)
 v - a +0 mace
Missiles
 e - 9 poisoned darts (quivered)
Armour
 b - a +1 chain mail (worn)
 i - a +1 leather armour of fire resistance
 j - a +0 helmet (worn)
 l - a +0 pair of boots (worn)
 n - a +0 robe of resistance
 r - a +0 plate armour
Magical Staves
 u - a staff of poison
Jewellery
 k - a +4 ring of protection
 s - a +6 ring of dexterity (left hand)
 t - a ring of positive energy (right hand)
Wands
 w - a wand of iceblast (5)
Scrolls
 c - a scroll of butterflies
 d - a scroll of teleportation
 m - 3 scrolls of identify
 o - a scroll of magic mapping
Potions
 f - a potion of brilliance
 h - 2 potions of curing


   Skills:
 + Level 2.4 Fighting
 * Level 5.6 Axes
 - Level 4.0 Armour
 - Level 2.0 Dodging
 * Level 0.8 Stealth


You had 4 spell levels left.
You didn't know any spells.
Your spell library contained the following spells:

 Spells                   Type           Power      Damage    Failure   Level
 Apportation              Tloc           0%         N/A       100%        1
 Necrotise                Necr           0%         1d4       100%        1
 Sandblast                Erth           0%         2d4       100%        1
 Summon Small Mammal      Summ           0%         N/A       100%        1
 Passwall                 Tmut/Erth      0%         N/A       100%        2
 Stone Arrow              Conj/Erth      0%         3d7       100%        3


Dungeon Overview and Level Annotations

Branches:
Dungeon (4/15)
 Temple: D:4-7

Altars:

Shops:
D:1 *

Annotations:
D:4 Pikel


Innate Abilities, Weirdness & Mutations

You are surrounded by a moderate repulsion field. (EV +3)
You regenerate magic rapidly.


Message History

You hit Pikel but do no damage.
Pikel is severely wounded.
Pikel hits you with a +1 whip of electrocution.
You hit Pikel but do no damage.
Pikel is severely wounded.
Pikel hits you with a +1 whip of electrocution.
You hit Pikel but do no damage.
Pikel is severely wounded.
Pikel hits you but does no damage.
You hit Pikel but do no damage.
Pikel is severely wounded.
Pikel hits you with a +1 whip of electrocution.
You hit Pikel but do no damage. Your punch misses Pikel.
Pikel is heavily wounded.
Pikel hits you but does no damage.
You closely miss Pikel.
Pikel is heavily wounded.
Your resistance to elements expires.
Pikel misses you.
You hit Pikel but do no damage.
Pikel is heavily wounded.
Pikel misses you.
You hit Pikel but do no damage.
Pikel is heavily wounded.
Pikel hits you but does no damage.
You hit Pikel but do no damage.
Pikel is heavily wounded.
Pikel says, "Time is money, and you're costing me too much!"
Pikel hits you but does no damage.
You are electrocuted!
You feel better. Pikel hits you but does no damage.
You hit Pikel but do no damage.
Pikel is heavily wounded.
Pikel hits you but does no damage.
Pikel hits you with a +1 whip of electrocution!
* * * LOW HITPOINT WARNING * * *
You are electrocuted!
* * * LOW HITPOINT WARNING * * *
You feel better.
Pikel hits you with a +1 whip of electrocution!
You die...

#.# **********#.#
*,,,,,,,,,..# *,****#####.#
*,* #...#.# *,*
#.#.#.#########
********,#####.#...........#
,,,,,,,,,.......>#.#######.#
****,,,,***#.#.#@#.# #.#
,,,,,,,,* *,#,#K#.# #.#
,,,,,,,,** *,*,#5#.# #.#
,,,,,,,,,***,*,#5#.#### #.#
,,,,,***,,**,*,#5.....# #.#
,,,,,* **,**,*,#.#.##.# #.#
,,,,,* *,,*,*,#.#.##.# #.#
,,,,,* **,*,*,#.#.##.# #.#
,,,,,* *,,,*,#.#.##.# #.#


You could see Pikel and 3 lemures.

Vanquished Creatures
  A lemure (D:4)
  An iguana (D:4)
  Jessica (D:2)
  Robin (D:2)
  4 adders
  An ufetubus (D:4)
  2 dart slugs
  8 ball pythons
  4 endoplasms
  8 giant cockroaches
  14 goblins
  9 hobgoblins
  4 jackals
  6 quokkas
  8 bats
  A frilled lizard (D:3)
  9 kobolds
  2 rats
84 creatures vanquished.

Vanquished Creatures (others)
  A hobgoblin (D:2)
1 creature vanquished.

Grand Total: 85 creatures vanquished

Notes
Turn   | Place    | Note
-------+----------+-------------------------------------------
     0 | D:1      | IdlyInterested the Demonspawn Wanderer began the quest for
                  | the Orb.
     0 | D:1      | IdlyInterested set off with the following items: a +0 hand
                  | axe, a +0 chain mail, a scroll of butterflies, a scroll of
                  | teleportation.
     0 | D:1      | Reached XP level 1. HP: 15/15 MP: 1/1
   186 | D:1      | Found Vyb Qicka's General Store.
   196 | D:1      | Gained mutation: You are surrounded by a mild repulsion
                  | field. (EV +2) [demonic ancestry]
   196 | D:1      | Reached XP level 2. HP: 16/21 MP: 2/2
  1039 | D:1      | Bought a scroll of identify for 28 gold pieces
  1111 | D:2      | Gained mutation: You are surrounded by a moderate repulsion
                  | field. (EV +3) [demonic ancestry]
  1111 | D:2      | Reached XP level 3. HP: 24/26 MP: 3/3
  1113 | D:2      | Noticed Robin
  1154 | D:2      | Killed Robin
  1167 | D:2      | Reached skill level 5 in Axes
  1242 | D:2      | Reached skill level 1 in Dodging
  1452 | D:2      | Found a faded altar of an unknown god.
  1746 | D:2      | Noticed Jessica
  1754 | D:2      | Killed Jessica
  1755 | D:2      | Reached XP level 4. HP: 29/33 MP: 4/4
  3426 | D:1      | Bought a potion of heal wounds for 70 gold pieces
  3426 | D:1      | Bought a potion of heal wounds for 70 gold pieces
  3614 | D:4      | Gained mutation: You regenerate magic rapidly. [demonic
                  | ancestry]
  3614 | D:4      | Reached XP level 5. HP: 32/38 MP: 5/5
  4519 | D:4      | Noticed Pikel
  4519 | D:4      | Noticed a lemure
  4527 | D:4      | Noticed a lemure
  4528 | D:4      | Noticed a lemure
  4530 | D:4      | Noticed a lemure
  4572 | D:4      | Killed a lemure
  4581 | D:4      | HP: 1/39 [Pikel/+1 whip of electrocution (18)]
  4625 | D:4      | HP: 1/39 [Pikel/+1 whip of electrocution (9)]
  4626 | D:4      | Slain by Pikel

Illustrated notes

Levels and vault maps discovered:
D:1:      dpeg_chamrin_arrival_tetris, layout_rooms, serial_shops,
          nicolae_square_shop
D:2:      layout_loops_corners, chequers_ecumenical_altar_island,
          minmay_fountain_box, nicolae_kite_square_tiling_tiny, uniq_jessica,
          uniq_robin
D:3:      layout_basic, kennysheep_generic_room_2
D:4:      layout_basic, roderic_batcave, uniq_pikel

Skill      XL: |  1  2  3  4  5 |
---------------+----------------+-----
Armour         | 4 |  4.0
Axes           | 5 |  5.6
Dodging        | 1 2 |  2.0
Fighting       | 2 |  2.4
Stealth        | |  0.8

Action                   |  1- 3 |  4- 6 || total
-------------------------+-------+-------++-------
Melee: Hand axe          |   170 |   237 ||   407
       Punch             |     2 |     3 ||     5
Throw: Dart              |       |     1 ||     1
  Use: Scroll            |     2 |     8 ||    10
       Potion            |     1 |     8 ||     9
Armor: Chain mail        |    32 |   150 ||   182
       Ring mail         |    32 |       ||    32
       Leather armour    |     5 |       ||     5
Dodge: Dodged            |    95 |   134 ||   229

Table legend: (Time is in decaauts)
 A = Elapsed time spent in this place.
 B = Non-inter-level travel time spent in this place.
 C = Inter-level travel time spent in this place.
 D = Time resting spent in this place.
 E = Time spent auto-exploring this place.
 F = Levels seen in this place.
 G = Mean time per level.
                   A        B        C        D        E       F      G
               +--------+--------+--------+--------+--------+-----+--------+
         Total |   4634 |   4140 |    494 |   1122 |   2020 |   4 | 1158.5 |
       Dungeon |   4634 |   4140 |    494 |   1122 |   2020 |   4 | 1158.5 |
               +--------+--------+--------+--------+--------+-----+--------+

Top non-repeatable levels by time:
     D:2: 1353 daAuts
     D:1: 1228 daAuts
     D:3: 1029 daAuts
     D:4: 1023 daAuts
